 Dungeon Crawl Stone Soup version 0.29-a0-919-gd064cfad1c (webtiles) character file.

Game seed: 869546906152380151

3199 frimble the Cutter (level 9, 0/62 HPs)
             Began as a Demonspawn Hedge Wizard on July 27, 2022.
             Was an Initiate of Cheibriados.
             Slain by Grum
             ... wielding a +1 glaive
              (12 damage)
             ... on level 9 of the Dungeon.
             The game lasted 00:12:45 (9865 turns).

frimble the Cutter (Demonspawn Hedge Wizard)        Turns: 9865, Time: 00:12:45

Health: 0/62       AC: 10    Str: 12    XL:     9   Next: 64%
Magic:  13/13      EV: 10    Int: 18    God:    Cheibriados [......]
Gold:   523        SH: 10    Dex: 16    Spells: 5/14 levels left

rFire   + . .      SeeInvis .   C - +2 dagger (venom)
rCold   . . .      Faith    .   b - +0 buckler
rNeg    . . .      Spirit   .   y - +3 ring mail
rPois   .          Reflect  +   c - +0 hat
rElec   .          Harm     .   (no cloak)
rCorr   +          Rampage  .   K - +1 pair of gloves
Will    .....                   (no boots)
Stlth   ++........              f - amulet of reflection
HPRegen 0.20/turn               g - ring of protection from fire
MPRegen 0.13/turn               p - ring of resist corrosion

@: very slow
A: antennae 1, powered by pain 2, demonic magic 1
a: Renounce Religion


You were on level 9 of the Dungeon.
You worshipped Cheibriados.
Cheibriados was noncommittal.
You visited 2 branches of the dungeon, and saw 10 of its levels.

You collected 523 gold pieces.

Inventory:

Hand Weapons
 z - a +1 dagger of speed
 C - a +2 dagger of venom (weapon)
Missiles
 F - 6 curare-tipped darts
Armour
 b - a +0 buckler (worn)
 c - a +0 hat (worn)
 y - a +3 ring mail (worn)
 K - a +1 pair of gloves (worn)
Jewellery
 f - an amulet of reflection (around neck)
 g - a ring of protection from fire (left hand)
 o - a ring of magical power
 p - a ring of resist corrosion (right hand)
 s - a ring of fire
 B - a ring of protection from fire
 D - a ring of positive energy
Wands
 a - a wand of flame (16)
 n - a wand of light (7)
 x - a wand of roots (14)
 H - a wand of mindburst (16)
Scrolls
 e - 2 scrolls of identify
 i - 3 scrolls of enchant weapon
 l - a scroll of blinking
 m - 7 scrolls of teleportation
 v - a scroll of fog
 w - a scroll of brand weapon
 G - 2 scrolls of summoning {unknown}
 J - a scroll of immolation
Potions
 d - a potion of magic
 h - 6 potions of curing
 j - 3 potions of heal wounds
 k - 2 potions of flight
 q - 2 potions of mutation {unknown}
 r - a potion of berserk rage {unknown}
 t - a potion of resistance {unknown}
 A - 3 potions of haste {unknown}
 E - a potion of lignification {unknown}
 I - a potion of cancellation {unknown}
 L - a potion of ambrosia {unknown}


   Skills:
 + Level 2.9 Fighting
 + Level 6.4 Short Blades
 + Level 2.0 Dodging
 - Level 3.4 Stealth
 - Level 5.2 Shields
 - Level 3.0 Spellcasting
 - Level 6.3 Conjurations
 - Level 1.0 Summonings
 + Level 3.2 Necromancy
 + Level 1.2 Translocations
 + Level 2.6 Earth Magic
 - Level 3.6 Evocations


You had 5 spell levels left.
You knew the following spells:

 Your Spells              Type           Power      Damage    Failure   Level
a - Magic Dart            Conj           100%       1d8       3%          1
b - Apportation           Tloc           14%        N/A       28%         1
c - Borgnjor's Vile Clut  Necr/Erth      6%         N/A       99%         5
d - Blink                 Tloc           14%        N/A       41%         2

Your spell library contained the following spells:

 Spells                   Type           Power      Damage    Failure   Level
 Foxfire                  Conj/Fire      56%        2x1d6     13%         1
 Necrotise                Necr           56%        1d6       13%         1
 Shock                    Conj/Air       56%        1d6       13%         1
 Summon Small Mammal      Summ           24%        N/A       32%         1
 Conjure Flame            Conj/Fire      14%        6-21      36%         3
 Vampiric Draining        Necr           14%        2d7       36%         3
 Slow                     Hex            8%         N/A       43%         1
 Call Imp                 Summ           6%         N/A       43%         2
 Mephitic Cloud           Conj/Pois/Air  10%        N/A       52%         3
 Lesser Beckoning         Tloc           7%         N/A       65%         3
 Call Canine Familiar     Summ           6%         N/A       67%         3
 Summon Guardian Golem    Hex/Summ       4%         N/A       75%         3
 Flame Wave               Conj/Fire      14%        2d6       78%         4
 Inner Flame              Hex/Fire       2%         N/A       82%         3
 Swiftness                Air            2%         N/A       82%         3
 Anguish                  Hex/Necr       4%         N/A       94%         4
 Agony                    Necr           14%        N/A       98%         5
 Airstrike                Air            1%         0-2+      99%         4
 Manifold Assault         Tloc           7%         N/A       100%        5
 Silence                  Hex/Air        1%         N/A       100%        5
 Summon Mana Viper        Hex/Summ       4%         N/A       100%        5
 Enfeeble                 Hex            1%         N/A       100%        7


Dungeon Overview and Level Annotations

Branches:
Dungeon (9/15)             Temple (1/1) D:7            Lair (0/5) D:8
    Orc: D:9-12

Altars:
Ashenzari
Cheibriados
Fedhas
Gozag
Hepliaklqana
Kikubaaqudgha
Makhleb
Nemelex Xobeh
Okawaru
Qazlal
Ru
Sif Muna
Trog
Uskayaw
Vehumet
Wu Jian
Xom
Yredelemnul

Shops:
D:2 !

Annotations:
D:7 1 runed translucent door, Yogidamonk's ghost, novice MiHu
D:9 Grum


Innate Abilities, Weirdness & Mutations

You have a pair of small antennae on your head.
You sometimes gain power by taking damage.
Spells you cast may paralyse adjacent enemies.


Message History

You miss the wolf.
The wolf is moderately wounded.
The wolf completely misses you.
Press: ? - help, v - describe, . - travel, g - get item
Here: Grum, wielding a +1 glaive and wearing a +0 animal skin Item here: a wolf corpse.
The floor.
Unknown command.
Okay, then.
Unknown command.
Okay, then.
Unknown command.
Unknown command.
Aiming: Bolt of Light
Press: ? - help, Shift-Dir - straight line, f - wolf
Aim: a wolf (57% to hit)
The bolt of light hits the wolf!
The wolf is almost dead.
The bolt of light hits Grum!
Grum is moderately wounded.
Grum is blinded.
The bolt of light hits the wolf!
The wolf is severely wounded.
You kill the wolf!
Cheibriados thoroughly appreciates the change of pace.
You block Grum's attack.
You hit Grum.
Grum is poisoned.
Grum is heavily wounded.
Grum closely misses you.
You completely miss Grum.
Grum is heavily wounded.
Grum sniffs the air and quickly glances around.
Grum hits you with a +1 glaive!
* * * LOW HITPOINT WARNING * * *
You catch the helpless Grum completely off-guard!
You puncture Grum!
Grum is almost dead.
You hit Grum but do no damage.
Grum is almost dead.
Grum hits you with a +1 glaive!
You die...

######################..
................@gh.)...
.###################..#.
..<.......# .##[#####.)
###.# #.# #.# #.# #.#


You could see Grum (blind, very poisoned) and a wolf.

Vanquished Creatures
  Sigmund (D:3)
  Menkaure (D:7)
  5 water moccasins
  Duvessa (D:4)
  An orc warrior (D:8)
  An ice beast (D:6)
  2 black bears
  3 wolves (D:9)
  A centaur (D:6)
  A phantom (D:6)
  5 bullfrogs
  A kobold brigand (D:6)
  2 scorpions
  Dowan (D:4)
  An electric eel (D:6)
  2 howler monkeys
  A jelly (D:5)
  2 hounds (D:5)
  5 orc priests
  A gnoll bouda (D:6)
  3 iguanas
  Jessica (D:3)
  6 orc wizards
  12 gnolls
  9 adders
  An ufetubus (D:6)
  2 worms
  7 dart slugs
  24 orcs
  6 bats
  6 endoplasms
  A giant cockroach (D:1)
  11 goblins
  8 hobgoblins
  3 jackals (D:4)
  8 quokkas
  16 ball pythons
  3 frilled lizards
  8 kobolds
  5 rats
178 creatures vanquished.

Vanquished Creatures (others)
  2 orcs (D:6)
  8 fungi
  24 plants
34 creatures vanquished.

Grand Total: 212 creatures vanquished

Notes
Turn   | Place    | Note
-------+----------+-------------------------------------------
     0 | D:1      | frimble the Demonspawn Hedge Wizard began the quest for the
                  | Orb.
     0 | D:1      | Reached XP level 1. HP: 13/13 MP: 4/4
   539 | D:1      | Reached skill level 1 in Short Blades
   539 | D:1      | Gained mutation: Spells you cast may paralyse adjacent
                  | enemies. [demonic ancestry]
   539 | D:1      | Reached XP level 2. HP: 15/19 MP: 6/6
   604 | D:1      | Found a faded altar of an unknown god.
  1362 | D:2      | Reached XP level 3. HP: 24/24 MP: 5/7
  1606 | D:2      | Found Vaitog's Distillery.
  2019 | D:2      | Gained mutation: You sometimes gain a little power by
                  | taking damage. [demonic ancestry]
  2019 | D:2      | Reached XP level 4. HP: 30/30 MP: 8/8
  2122 | D:2      | Reached skill level 1 in Shields
  2909 | D:3      | Learned a level 1 spell: Apportation
  3056 | D:3      | Noticed Jessica
  3057 | D:3      | Noticed Sigmund
  3245 | D:3      | Killed Jessica
  3246 | D:3      | Reached XP level 5. HP: 35/35 MP: 6/9
  3527 | D:3      | Killed Sigmund
  3528 | D:3      | Reached XP level 6. HP: 38/41 MP: 6/10
  4562 | D:4      | Noticed Dowan
  4562 | D:4      | Noticed Duvessa
  4587 | D:5      | Entered Level 5 of the Dungeon
  4757 | D:5      | Gained mutation: You sometimes gain power by taking damage.
                  | [demonic ancestry]
  4757 | D:5      | Reached XP level 7. HP: 41/46 MP: 11/11
  5561 | D:6      | Reached skill level 5 in Conjurations
  5762 | D:6      | Reached XP level 8. HP: 48/52 MP: 10/12
  5928 | D:6      | Reached skill level 5 in Short Blades
  6235 | D:6      | Reached skill level 1 in Evocations
  6474 | D:6      | Reached skill level 5 in Shields
  6974 | D:7      | Noticed Yogidamonk's ghost (novice MiHu)
  6974 | D:7      | Found a runed translucent door.
  7099 | D:7      | Got the Excursus on Charms and Evil Rites
  7106 | D:7      | Learned a level 5 spell: Borgnjor's Vile Clutch
  7279 | D:7      | Gained mutation: You have a pair of small antennae on your
                  | head. [demonic ancestry]
  7279 | D:7      | Reached XP level 9. HP: 58/58 MP: 13/13
  7308 | D:7      | Found a staircase to the Ecumenical Temple.
  7316 | D:7      | Learned a level 2 spell: Blink
  7321 | D:7      | Reached skill level 1 in Fighting
  7321 | D:7      | Reached skill level 1 in Necromancy
  7322 | Temple   | Entered the Ecumenical Temple
  7550 | D:7      | Noticed Menkaure
  7563 | D:7      | Killed Menkaure
  7564 | D:7      | Reached skill level 1 in Earth Magic
  7825 | D:7      | Found a stormy altar of Qazlal.
  8618 | D:8      | Found a sacrificial altar of Ru.
  8626 | D:8      | Found a staircase to the Lair.
  8961 | D:4      | Killed Duvessa
  8965 | D:4      | Killed Dowan
  9462 | D:4      | Found a snail-covered altar of Cheibriados.
  9680 | D:4      | Became a worshipper of Cheibriados the Contemplative
  9842 | D:9      | Noticed Grum
  9844 | D:9      | Reached skill level 1 in Translocations
  9865 | D:9      | Slain by Grum

Illustrated notes

Levels and vault maps discovered:
D:1:      wheals_arrival_shading, layout_loops_ring,
          shapermc_ecumenical_altar_mp_urbaneastern
D:2:      minmay_evil_eye, layout_basic, serial_shops, shop, minmay_tetromino_l4
D:3:      layout_rooms, nicolae_eternal_life, minmay_shallow_snake_nest,
          uniq_jessica, uniq_sigmund
D:4:      layout_basic, cheibrodos_worm_habitat, uniq_duvessa
D:5:      layout_loops_ring
D:6:      layout_basic, nrook_pool_corridor
D:7:      layout_cave_pools, mainiacjoe_overflow_two_lobes,
          minmay_temple_entry_offerings, hellmonk_ghost_happy_afterlife,
          uniq_menkaure
D:8:      layout_basic, nicolae_ru_the_path_less_chosen,
          grunt_lair_entry_orc_guard_hut, serial_glass, glass_columns_b,
          glass_columns_c, minivault_22
D:9:      layout_basic, grunt_dithmenos_smoke, orc_0_dummy,
          minmay_statue_bubble, uniq_erica, uniq_pikel, uniq_prince_ribbit1,
          uniq_amaemon, uniq_grum
Temple:   nicolae_temple_bog_church

Skill      XL: |  1  2  3  4  5  6  7  8  9 |
---------------+----------------------------+-----
Short Blades   | 1 2 3 4 5 6 |  6.4
Conjurations   | 2 3 4 5 6 |  6.3
Shields        | 1 2 3 4 5 |  5.2
Stealth        | 2 3 |  3.4
Evocations     | 2 3 |  3.6
Fighting       | 2 |  2.9
Necromancy     | 3 |  3.2
Earth Magic    | 2 |  2.6
Translocations | 1 |  1.2
Dodging        | 2 |  2.0
Spellcasting   | |  3.0
Summonings     | |  1.0

Action                   |  1- 3 |  4- 6 |  7- 9 || total
-------------------------+-------+-------+-------++-------
Melee: Dagger            |   141 |   238 |   327 ||   706
       Punch             |     1 |     4 |       ||     5
 Cast: Magic Dart        |    24 |    49 |    73 ||   146
Evoke: Wand              |       |       |    12 ||    12
  Use: Scroll            |       |     5 |     9 ||    14
       Potion            |       |     1 |     1 ||     2
 Stab: Paralysed         |     6 |    15 |    39 ||    60
       Sleeping          |     4 |     1 |     1 ||     6
       Distracted        |       |     1 |       ||     1
       Invisible         |       |       |     1 ||     1
Armor: Robe              |    11 |       |       ||    11
       Steam dragon scal |    26 |    46 |       ||    72
       Ring mail         |       |    17 |    61 ||    78
Dodge: Dodged            |    72 |   108 |    91 ||   271
Block: Other             |    27 |    37 |       ||    64
       Buckler           |       |    45 |   146 ||   191
       Reflection        |       |     3 |     5 ||     8

Table legend: (Time is in decaauts)
 A = Elapsed time spent in this place.
 B = Non-inter-level travel time spent in this place.
 C = Inter-level travel time spent in this place.
 D = Time resting spent in this place.
 E = Time spent auto-exploring this place.
 F = Levels seen in this place.
 G = Mean time per level.
                   A        B        C        D        E       F      G
               +--------+--------+--------+--------+--------+-----+--------+
         Total |   9762 |   9076 |    686 |     45 |   7504 |  10 |  976.2 |
       Dungeon |   9544 |   8886 |    658 |     45 |   7330 |   9 | 1060.4 |
        Temple |    217 |    189 |     28 |      0 |    173 |   1 |  217.0 |
               +--------+--------+--------+--------+--------+-----+--------+

Top non-repeatable levels by time:
     D:2: 1747 daAuts
     D:6: 1413 daAuts
     D:1: 1395 daAuts
     D:3: 1206 daAuts
     D:5: 980 daAuts
     D:4: 979 daAuts
     D:8: 894 daAuts
     D:7: 871 daAuts
  Temple: 217 daAuts
     D:9: 55 daAuts
